Map: Derelict Watcher TE

Players

Erfeyah - Winner!

  • Race: Terran Terran
  • Spawn Location: 7:00

VOD

Have the link to the VOD?

Description

Time

  • Played on: Nov. 28, 2017, 12:06 p.m.
  • Length: 11:01
Show
View Real Time Build Order
Export as new Build Order

Erfeyah Terran - Winner!

Build Orders:  

Get SALT Encoding   

  12  0:07  SCV  
  12  0:19  SCV  
  12  0:31  SCV  
  12  0:38  Supply Depot  
  12  1:00  SCV  
  12  1:13  SCV  
  12  1:25  SCV  
  12  1:37  SCV  
  12  1:49  SCV  
  12  2:01  SCV  
  12  2:05  Supply Depot  
  12  2:17  SCV  
  12  2:29  SCV  
  12  2:41  SCV  
  12  2:53  SCV  
  12  3:05  SCV  
  12  3:18  SCV  
  12  3:30  SCV  
  12  3:42  SCV  
  12  3:57  SCV  
  12  4:09  SCV  
  12  4:46  Supply Depot  
  12  5:08  SCV  
  12  5:20  SCV  
  12  6:41  Command Center  
  12  8:20  SCV  
  12  8:21  SCV  
  12  8:33  SCV  
  12  10:49  SCV x2  
Tags
 
Add a new tag
Caveats
  • Supply blocks, unpowered buildings, or Contaminate may cause inaccurate times.
  • Supply counts are checked every 10 seconds.